 Dungeon Crawl Stone Soup version 0.31-a0-174-g85c54bcb58 (webtiles) character file.

Game seed: 17287262072065922629

6918 qw the Skirmisher (level 11, 0/103 HPs)
             Began as a Naga Hunter on June 15, 2023.
             Was a Believer of Okawaru.
             Slain by a two-headed ogre
             ... wielding a +0 giant club
              (18 damage)
             ... on level 10 of the Dungeon.
             The game lasted 00:03:15 (8742 turns).

qw the Skirmisher (Naga Hunter)                     Turns: 8742, Time: 00:03:15

Health: 0/103      AC: 13    Str: 14    XL:     11   Next: 7%
Magic:  12/14      EV: 22    Int:  9    God:    Okawaru [**....]
Gold:   140        SH:  0    Dex: 24    Spells: 10/10 levels left

rFire   + . .        Y - +0 longbow
rCold   . . .        (shield currently unavailable)
rNeg    . . .        l - +2 leather armour {rF+}
rPois   +            j - +0 helmet
rElec   .            (no cloak)
rCorr   .            (no gloves)
SInv    +            (no barding)
Will    ++...        f - amulet of faith
Stlth   ++++         n - ring "Xamnagun" {AC+4 Dex+5}
HPRegen 0.37/turn    o - +5 ring of evasion
MPRegen 0.14/turn

%: clarity, faith
@: about to teleport, heroic, slowed, very slow
A: AC +3, large, see invisible, deformed body, poison resistance, slowness 2,
spit poison 1, naga tail 1, clarity, strong-willed 1
a: Spit Poison, Renounce Religion, Heroism


You were on level 10 of the Dungeon.
You worshipped Okawaru.
Okawaru was pleased with you.
You visited 1 branch of the dungeon, and saw 10 of its levels.

You collected 412 gold pieces.
You spent 272 gold pieces at shops.


Innate Abilities, Weirdness & Mutations

Your serpentine skin is tough. (AC +3)
You have supernaturally acute eyesight. (SInv)
Armour fits poorly on your strangely shaped body.
Your system is resistant to poisons. (rPois)
You cover ground very slowly.
You can spit poison.
You have a snake-like lower body.
You possess an exceptional clarity of mind.
You are strong-willed. (Will+)


   Skills:
 - Level 8.0(13.0) Fighting
 + Level 12.3(17.3) Ranged Weapons
 - Level 1.1(6.1) Armour
 - Level 5.0(10.0) Dodging
 - Level 1.5(6.5) Stealth
 - Level 4.0 Invocations


You had 10 spell levels left.
You didn't know any spells.
Your spell library was empty.

Inventory:

Hand Weapons
 Y - a +0 longbow (weapon)
Armour
 c - a +0 troll leather armour
 j - a +0 helmet (worn)
 l - a +2 leather armour of fire resistance (worn)
Jewellery
 f - an amulet of faith (around neck)
 k - an amulet of the acrobat
 n - the ring "Xamnagun" (left hand) {AC+4 Dex+5}
   (You took it off an orc warrior on level 7 of the Dungeon)

   [ring of protection]

   AC:        It affects your AC (+4).
   Dex:       It affects your dexterity (+5).
 o - a +5 ring of evasion (right hand)
Scrolls
 e - 2 scrolls of identify
 q - 2 scrolls of teleportation
Potions
 a - 2 potions of mutation
 b - a potion of resistance
 d - 3 potions of curing
 g - a potion of haste
 h - 3 potions of might
 i - a potion of magic
 m - a potion of lignification {unknown}
 p - a potion of cancellation {unknown}

Dungeon Overview and Level Annotations

Branches:
Dungeon (10/15)            Temple (0/1) D:6
   Lair: D:8-11         Orc: D:9-12

Altars:
Cheibriados
Elyvilon
Gozag
Nemelex Xobeh
Okawaru
Sif Muna

Shops:
D:2 (   D:8 *

Annotations:
D:3 1 runed translucent door, Crazy Yiuf


Message History

You gain the combat prowess of a mighty hero.
Okawaru will no longer gift you throwing weapons.
The wraith completely misses you. The wraith hits you but does no damage.
You shoot an arrow. The arrow barely misses the wraith.
The arrow hits the two-headed ogre.
The two-headed ogre is lightly wounded.
The wraith hits you! The wraith completely misses you.
You shoot an arrow.
The arrow hits the wraith but does no damage.
The wraith is severely damaged.
You feel yourself speed up. The wraith hits you. The wraith drains your vigour!
You feel yourself slow down. The wraith hits you but does no damage.
The wraith hits you. The wraith misses you.
You shoot an arrow. The arrow hits the wraith!
You destroy the wraith!
Okawaru accepts your kill. The wraith closely misses you.
8740 ||| INVOKING Spit Poison.
Aiming: Spit Poison (1% risk of failure)
Press: ? - help, Shift-Dir - straight line, f - two-headed ogre The splash of poison hits the two-headed ogre.
The two-headed ogre is lightly wounded.
The wraith hits you but does no damage.
The two-headed ogre completely misses you.
The two-headed ogre hits you with a +0 giant club!!
The wraith completely misses you.
The yak bellows!
You shoot an arrow. The arrow hits the two-headed ogre!!
The two-headed ogre is heavily wounded.
You are no longer corroded.
The two-headed ogre hits you with a +0 giant club!!
The two-headed ogre misses you. The wraith completely misses you.
8742 ||| READING 3 scrolls of teleportation.
As you read the scroll of teleportation, it crumbles to dust.
You feel strangely unstable.
You have got your breath back.
The wraith hits you but does no damage. The two-headed ogre barely misses you.
The two-headed ogre hits you with a +0 giant club!!
You die...

#.###...##..#
#.......#..
#......##..###.#####...#
...####..#... ##.## ##
.Y##.##.# #.# Y #.##.#
#.# #c#....###### #.#
#Y#.........# #.#
#O...#####.# #.# #.@#.#
#.# #W.#.# #.#.#.#
?..#.#.# ..###.#.# ....
..#.# ... ..... ## ###


You could see a two-headed ogre, 3 yaks, a wraith and a centaur.

Vanquished Creatures
  A two-headed ogre (D:10)
  2 gargoyles (D:10)
  A troll (D:10)
  Grinder (D:4)
  A wraith (D:10)
  8 yaks
  4 steam dragons
  Menkaure (D:5)
  2 water moccasins
  An acid dragon (D:10)
  A sky beast (D:5)
  2 orc warriors
  2 black bears
  An ice beast (D:6)
  An ogre (D:4)
  2 centaurs
  A phantom (D:5)
  2 kobold brigands
  2 scorpions
  3 bullfrogs
  A gnoll sergeant (D:8)
  11 wights
  2 howler monkeys
  4 hounds
  4 jellies
  2 gnoll boudas
  4 orc priests
  2 sleepcaps
  Jessica (D:2)
  An iguana (D:6)
  7 orc wizards
  15 gnolls
  6 adders
  2 white imps (D:6)
  An ufetubus (D:4)
  4 worms
  5 dart slugs
  18 orcs
  6 ball pythons
  5 bats
  8 endoplasms
  7 giant cockroaches
  6 goblins
  7 hobgoblins
  3 jackals (D:2)
  18 kobolds
  11 quokkas
  3 frilled lizards
  7 rats
210 creatures vanquished.

Notes
Turn   | Place    | Note
-------+----------+-------------------------------------------
     0 | D:1      | qw the Naga Hunter began the quest for the Orb.
     0 | D:1      | Reached XP level 1. HP: 19/19 MP: 1/1
     0 | D:1      | 0 ||| qw: Version: 0.2-a-29-g511e9b1
     0 | D:1      | 0 ||| qw: Game counter: 5459
     0 | D:1      | 0 ||| qw: Always use a shield: true
     0 | D:1      | 0 ||| qw: God list: Okawaru
     0 | D:1      | 0 ||| qw: Allow faded altars: false
     0 | D:1      | 0 ||| qw: Do Orc after D:15 true
     0 | D:1      | 0 ||| qw: Do second Lair branch before Depths: true
     0 | D:1      | 0 ||| qw: Lair rune preference: random
     0 | D:1      | 0 ||| qw: Plans: Normal
     0 | D:1      | 0 ||| PLANNING D:1-11
    22 | D:1      | 22 ||| INVOKING Spit Poison.
    44 | D:1      | 44 ||| INVOKING Spit Poison.
    54 | D:1      | 54 ||| INVOKING Spit Poison.
    87 | D:1      | 87 ||| INVOKING Spit Poison.
    91 | D:1      | Reached skill level 4 in Ranged Weapons
    91 | D:1      | Reached XP level 2. HP: 25/26 MP: 2/2
   116 | D:1      | 116 ||| INVOKING Spit Poison.
   122 | D:1      | 122 ||| INVOKING Spit Poison.
   125 | D:1      | 125 ||| INVOKING Spit Poison.
   182 | D:1      | 182 ||| INVOKING Spit Poison.
   187 | D:1      | 187 ||| INVOKING Spit Poison.
   287 | D:1      | 287 ||| INVOKING Spit Poison.
   298 | D:1      | 298 ||| INVOKING Spit Poison.
   302 | D:1      | 302 ||| INVOKING Spit Poison.
   431 | D:1      | 431 ||| INVOKING Spit Poison.
   480 | D:1      | 480 ||| INVOKING Spit Poison.
   481 | D:1      | Reached XP level 3. HP: 32/32 MP: 3/3
   489 | D:1      | 489 ||| INVOKING Spit Poison.
   493 | D:1      | 493 ||| INVOKING Spit Poison.
   527 | D:1      | 527 ||| INVOKING Spit Poison.
   568 | D:1      | 568 ||| INVOKING Spit Poison.
   634 | D:1      | 634 ||| UPGRADING to amulet of faith.
   639 | D:1      | 639 ||| READING scroll labelled VUTEISTUBE.
   640 | D:1      | 640 ||| READING 2 scrolls labelled OHOTSY YHAXAMI.
   641 | D:1      | 641 ||| READING scroll labelled ACAROSH FUES APOLE.
   642 | D:1      | 642 ||| READING scroll labelled LYMEBUHAOQ.
   643 | D:1      | 643 ||| READING scroll labelled FIBEUCVITE.
   647 | D:1      | 647 ||| DROPPING scroll of butterflies.
   717 | D:2      | 717 ||| INVOKING Spit Poison.
   820 | D:2      | 820 ||| INVOKING Spit Poison.
   833 | D:2      | 833 ||| INVOKING Spit Poison.
   892 | D:2      | Noticed Jessica
   893 | D:2      | 893 ||| INVOKING Spit Poison.
   894 | D:2      | 894 ||| INVOKING Spit Poison.
   896 | D:2      | Killed Jessica
   897 | D:2      | Reached skill level 5 in Ranged Weapons
   897 | D:2      | Reached XP level 4. HP: 35/39 MP: 4/4
   921 | D:2      | 921 ||| INVOKING Spit Poison.
   926 | D:2      | 926 ||| INVOKING Spit Poison.
   935 | D:2      | 935 ||| INVOKING Spit Poison.
   969 | D:2      | 969 ||| INVOKING Spit Poison.
   972 | D:2      | 972 ||| INVOKING Spit Poison.
   984 | D:2      | 984 ||| INVOKING Spit Poison.
   989 | D:2      | 989 ||| INVOKING Spit Poison.
   995 | D:2      | 995 ||| INVOKING Spit Poison.
  1047 | D:2      | Found Xomysch's Weapon Emporium.
  1084 | D:2      | 1084 ||| INVOKING Spit Poison.
  1090 | D:2      | 1090 ||| INVOKING Spit Poison.
  1096 | D:2      | 1096 ||| INVOKING Spit Poison.
  1197 | D:2      | 1197 ||| INVOKING Spit Poison.
  1228 | D:2      | 1228 ||| INVOKING Spit Poison.
  1341 | D:2      | 1341 ||| INVOKING Spit Poison.
  1463 | D:2      | 1463 ||| READING scroll labelled JIRIKI QUBO.
  1464 | D:2      | 1464 ||| DRINKING 2 smoky black potions.
  1465 | D:2      | 1465 ||| DROPPING potion of enlightenment.
  1482 | D:3      | 1482 ||| INVOKING Spit Poison.
  1488 | D:3      | 1488 ||| INVOKING Spit Poison.
  1496 | D:3      | 1496 ||| INVOKING Spit Poison.
  1503 | D:3      | Found a shimmering blue altar of Sif Muna.
  1565 | D:3      | 1565 ||| INVOKING Spit Poison.
  1566 | D:3      | 1566 ||| INVOKING Spit Poison.
  1571 | D:3      | 1571 ||| INVOKING Spit Poison.
  1602 | D:3      | 1602 ||| INVOKING Spit Poison.
  1617 | D:3      | 1617 ||| INVOKING Spit Poison.
  1621 | D:3      | 1621 ||| INVOKING Spit Poison.
  1622 | D:3      | Reached skill level 3 in Fighting
  1629 | D:3      | 1629 ||| INVOKING Spit Poison.
  1632 | D:3      | Reached XP level 5. HP: 49/49 MP: 5/5
  1660 | D:3      | 1660 ||| INVOKING Spit Poison.
  1663 | D:3      | 1663 ||| INVOKING Spit Poison.
  1703 | D:3      | 1703 ||| INVOKING Spit Poison.
  1848 | D:3      | Found a runed translucent door.
  1849 | D:3      | Noticed Crazy Yiuf
  1946 | D:3      | 1946 ||| READING scroll labelled MUCIGYJ EPPAMP.
  1947 | D:3      | 1947 ||| READING scroll labelled ZEKHUDGH JIUPH.
  1948 | D:3      | 1948 ||| DRINKING 2 sedimented coppery potions.
  1949 | D:3      | 1949 ||| READING 2 scrolls of identify.
  1949 | D:3      | 1949 ||| IDENTIFYING fizzy dark potion
  1969 | D:4      | 1969 ||| INVOKING Spit Poison.
  1973 | D:4      | Noticed an ogre
  1975 | D:4      | 1975 ||| INVOKING Spit Poison.
  1976 | D:4      | 1976 ||| INVOKING Spit Poison.
  1978 | D:4      | HP: 8/49 [ogre/+0 giant club (28)]
  1979 | D:4      | 1979 ||| READING scroll of teleportation.
  1980 | D:4      | 1980 ||| INVOKING Spit Poison.
  1982 | D:4      | Killed an ogre
  2182 | D:4      | Found a sparkling altar of Nemelex Xobeh.
  2186 | D:4      | 2186 ||| INVOKING Spit Poison.
  2213 | D:4      | 2213 ||| INVOKING Spit Poison.
  2243 | D:4      | 2243 ||| INVOKING Spit Poison.
  2246 | D:4      | Reached skill level 6 in Ranged Weapons
  2246 | D:4      | Reached XP level 6. HP: 55/56 MP: 6/6
  2443 | D:4      | 2443 ||| INVOKING Spit Poison.
  2447 | D:4      | 2447 ||| INVOKING Spit Poison.
  2452 | D:4      | 2452 ||| INVOKING Spit Poison.
  2459 | D:4      | 2459 ||| INVOKING Spit Poison.
  2466 | D:4      | 2466 ||| INVOKING Spit Poison.
  2480 | D:4      | 2480 ||| INVOKING Spit Poison.
  2522 | D:4      | 2522 ||| INVOKING Spit Poison.
  2538 | D:4      | 2538 ||| INVOKING Spit Poison.
  2541 | D:4      | 2541 ||| INVOKING Spit Poison.
  2543 | D:4      | Noticed Grinder
  2548 | D:4      | Paralysed by Grinder for 4 turns
  2570 | D:4      | Killed Grinder
  2571 | D:4      | Reached skill level 7 in Ranged Weapons
  2571 | D:4      | Reached XP level 7. HP: 46/64 MP: 7/7
  2608 | D:4      | 2608 ||| INVOKING Spit Poison.
  2663 | D:4      | Found an iron altar of Okawaru.
  2664 | D:4      | 2664 ||| PLANNING OKAWARU WORSHIP
  2671 | D:4      | Became a worshipper of Warmaster Okawaru
  2672 | D:4      | 2672 ||| PLANNING D:1-11
  2734 | D:4      | 2734 ||| INVOKING Spit Poison.
  2809 | D:4      | 2809 ||| INVOKING Spit Poison.
  2812 | D:4      | 2812 ||| INVOKING Spit Poison.
  2816 | D:4      | 2816 ||| INVOKING Spit Poison.
  2821 | D:4      | 2821 ||| INVOKING Spit Poison.
  2829 | D:4      | 2829 ||| INVOKING Spit Poison.
  2835 | D:4      | Found a snail-covered altar of Cheibriados.
  2863 | D:4      | 2863 ||| INVOKING Spit Poison.
  2877 | D:4      | 2877 ||| INVOKING Spit Poison.
  2880 | D:4      | 2880 ||| INVOKING Spit Poison.
  2943 | D:4      | 2943 ||| INVOKING Spit Poison.
  3066 | D:5      | Entered Level 5 of the Dungeon
  3067 | D:5      | 3067 ||| INVOKING Spit Poison.
  3070 | D:5      | 3070 ||| INVOKING Spit Poison.
  3143 | D:5      | 3143 ||| INVOKING Spit Poison.
  3146 | D:5      | 3146 ||| INVOKING Spit Poison.
  3151 | D:5      | 3151 ||| INVOKING Spit Poison.
  3155 | D:5      | 3155 ||| INVOKING Spit Poison.
  3156 | D:5      | 3156 ||| INVOKING Spit Poison.
  3192 | D:5      | 3192 ||| INVOKING Spit Poison.
  3197 | D:5      | Reached skill level 8 in Ranged Weapons
  3201 | D:5      | Reached XP level 8. HP: 43/72 MP: 8/8
  3326 | D:5      | 3326 ||| INVOKING Spit Poison.
  3367 | D:5      | 3367 ||| INVOKING Spit Poison.
  3373 | D:5      | 3373 ||| INVOKING Spit Poison.
  3376 | D:5      | 3376 ||| INVOKING Spit Poison.
  3376 | D:5      | Reached * piety under Okawaru
  3377 | D:5      | 3377 ||| INVOKING Heroism.
  3381 | D:5      | 3381 ||| INVOKING Spit Poison.
  3573 | D:5      | Noticed Menkaure
  3574 | D:5      | 3574 ||| INVOKING Heroism.
  3575 | D:5      | 3575 ||| INVOKING Heroism.
  3579 | D:5      | Killed Menkaure
  3580 | D:5      | Reached skill level 1 in Invocations
  3762 | D:5      | 3762 ||| INVOKING Spit Poison.
  3766 | D:5      | 3766 ||| Stepping ~*~*~tactically~*~*~ (outnumbered).
  3769 | D:5      | 3769 ||| INVOKING Spit Poison.
  3774 | D:5      | 3774 ||| INVOKING Heroism.
  3777 | D:5      | 3777 ||| INVOKING Spit Poison.
  3783 | D:5      | 3783 ||| INVOKING Spit Poison.
  3788 | D:5      | 3788 ||| INVOKING Spit Poison.
  4073 | D:5      | 4073 ||| INVOKING Spit Poison.
  4096 | D:5      | 4096 ||| UPGRADING to +0 orcbow.
  4097 | D:5      | 4097 ||| DROPPING +0 shortbow of freezing.
  4102 | D:5      | 4102 ||| INVOKING Spit Poison.
  4107 | D:5      | 4107 ||| INVOKING Spit Poison.
  4110 | D:5      | 4110 ||| INVOKING Spit Poison.
  4260 | D:5      | 4260 ||| READING scroll labelled HOQECV TEEXA.
  4261 | D:5      | 4261 ||| DRINKING 2 pink potions.
  4261 | D:5      | Gained mutation: You are strong-willed. (Will+) [potion of
                  | mutation]
  4261 | D:5      | Gained mutation: You possess an exceptional clarity of
                  | mind. [potion of mutation]
  4262 | D:5      | 4262 ||| READING 3 scrolls of identify.
  4262 | D:5      | 4262 ||| IDENTIFYING dark potion
  4263 | D:5      | 4263 ||| READING 2 scrolls of identify.
  4263 | D:5      | 4263 ||| IDENTIFYING fuming golden potion
  4383 | D:6      | 4383 ||| INVOKING Heroism.
  4420 | D:6      | 4420 ||| INVOKING Spit Poison.
  4423 | D:6      | 4423 ||| INVOKING Spit Poison.
  4425 | D:6      | 4425 ||| INVOKING Spit Poison.
  4427 | D:6      | 4427 ||| INVOKING Spit Poison.
  4428 | D:6      | Reached skill level 3 in Invocations
  4495 | D:6      | Found a white marble altar of Elyvilon.
  4573 | D:6      | 4573 ||| INVOKING Heroism.
  4576 | D:6      | 4576 ||| Stepping ~*~*~tactically~*~*~ (cloud).
  4578 | D:6      | 4578 ||| INVOKING Spit Poison.
  4585 | D:6      | 4585 ||| Stepping ~*~*~tactically~*~*~ (cloud).
  4672 | D:6      | 4672 ||| INVOKING Spit Poison.
  4680 | D:6      | 4680 ||| INVOKING Spit Poison.
  4681 | D:6      | 4681 ||| INVOKING Heroism.
  4686 | D:6      | 4686 ||| INVOKING Spit Poison.
  4692 | D:6      | 4692 ||| INVOKING Spit Poison.
  4697 | D:6      | Reached skill level 9 in Ranged Weapons
  4698 | D:6      | 4698 ||| INVOKING Spit Poison.
  4700 | D:6      | Reached XP level 9. HP: 69/81 MP: 10/12
  4772 | D:6      | 4772 ||| INVOKING Heroism.
  4895 | D:6      | 4895 ||| INVOKING Spit Poison.
  4899 | D:6      | 4899 ||| INVOKING Spit Poison.
  4900 | D:6      | Reached skill level 3 in Dodging
  5070 | D:6      | 5070 ||| INVOKING Spit Poison.
  5176 | D:6      | Found a staircase to the Ecumenical Temple.
  5314 | D:6      | 5314 ||| UPGRADING to +0 helmet.
  5319 | D:6      | 5319 ||| READING 2 scrolls of identify.
  5319 | D:6      | 5319 ||| IDENTIFYING red potion
  5353 | D:7      | 5353 ||| INVOKING Heroism.
  5354 | D:7      | 5354 ||| INVOKING Spit Poison.
  5359 | D:7      | 5359 ||| INVOKING Spit Poison.
  5361 | D:7      | Reached skill level 1 in Armour
  5366 | D:7      | 5366 ||| INVOKING Spit Poison.
  5371 | D:7      | 5371 ||| INVOKING Spit Poison.
  5375 | D:7      | 5375 ||| STAIRDANCE
  5379 | D:6      | Reached skill level 6 in Fighting
  5477 | D:7      | 5477 ||| INVOKING Heroism.
  5483 | D:7      | 5483 ||| INVOKING Spit Poison.
  5517 | D:7      | 5517 ||| INVOKING Heroism.
  5617 | D:7      | 5617 ||| INVOKING Heroism.
  5619 | D:7      | 5619 ||| INVOKING Spit Poison.
  5619 | D:7      | Identified the ring "Xamnagun" {AC+4 Dex+5}
  5623 | D:7      | 5623 ||| INVOKING Spit Poison.
  5629 | D:7      | 5629 ||| INVOKING Spit Poison.
  5778 | D:7      | 5778 ||| INVOKING Spit Poison.
  5998 | D:7      | 5998 ||| UPGRADING to ring "Xamnagun" {AC+4 Dex+5}.
  5999 | D:7      | 5999 ||| READING 2 scrolls labelled WYGHIA MEMIUS.
  6100 | D:7      | 6100 ||| DROPPING scroll of silence.
  6123 | D:8      | Found Jyessydi's Assorted Antiques.
  6128 | D:8      | 6128 ||| INVOKING Spit Poison.
  6132 | D:8      | 6132 ||| INVOKING Spit Poison.
  6166 | D:8      | 6166 ||| UPGRADING to +0 longbow.
  6167 | D:8      | 6167 ||| DROPPING +0 orcbow.
  6170 | D:8      | Identified the +7 flail "Imp's Undoing" {flame, Int+4}
  6188 | D:8      | 6188 ||| INVOKING Spit Poison.
  6202 | D:8      | 6202 ||| INVOKING Spit Poison.
  6205 | D:8      | 6205 ||| INVOKING Heroism.
  6209 | D:8      | 6209 ||| INVOKING Spit Poison.
  6212 | D:8      | Reached skill level 10 in Ranged Weapons
  6421 | D:8      | 6421 ||| INVOKING Heroism.
  6423 | D:8      | HP: 20/83 [wight/+4 morningstar of freezing (3)]
  6424 | D:8      | 6424 ||| READING scroll of teleportation.
  6425 | D:8      | 6425 ||| DRINKING potion of heal wounds.
  6639 | D:8      | 6639 ||| INVOKING Spit Poison.
  6643 | D:8      | Reached ** piety under Okawaru
  6645 | D:8      | 6645 ||| INVOKING Spit Poison.
  6647 | D:8      | Reached XP level 10. HP: 85/94 MP: 13/13
  6651 | D:8      | 6651 ||| INVOKING Spit Poison.
  6654 | D:8      | 6654 ||| INVOKING Heroism.
  6656 | D:8      | 6656 ||| INVOKING Spit Poison.
  6659 | D:8      | 6659 ||| INVOKING Spit Poison.
  6662 | D:8      | HP: 18/94 [yak (13)]
  6803 | D:8      | 6803 ||| INVOKING Spit Poison.
  6804 | D:8      | 6804 ||| Stepping ~*~*~tactically~*~*~ (outnumbered).
  6808 | D:8      | 6808 ||| INVOKING Heroism.
  6809 | D:8      | 6809 ||| INVOKING Spit Poison.
  6932 | D:8      | 6932 ||| BUYING murky grey potion (22 gold).
  6932 | D:8      | Bought a murky grey potion for 22 gold pieces
  6932 | D:8      | 6932 ||| BUYING potion of might (100 gold).
  6932 | D:8      | Bought a potion of might for 100 gold pieces
  6932 | D:8      | 6932 ||| BUYING runed leather armour (125 gold).
  6932 | D:8      | Bought a runed leather armour for 125 gold pieces
  6932 | D:8      | 6932 ||| BUYING scroll labelled ITTUOSHUNKAT (25 gold).
  6932 | D:8      | Bought a scroll labelled ITTUOSHUNKAT for 25 gold pieces
  6932 | D:8      | 6932 ||| SHOPLISTING scroll of identify (50 gold, have 39).
  6971 | D:8      | 6971 ||| INVOKING Heroism.
  7079 | D:8      | 7079 ||| INVOKING Heroism.
  7082 | D:8      | 7082 ||| INVOKING Spit Poison.
  7102 | D:8      | 7102 ||| INVOKING Spit Poison.
  7197 | D:8      | Found an opulent altar of Gozag.
  7273 | D:8      | 7273 ||| UPGRADING to +2 leather armour of fire resistance.
  7283 | D:8      | 7283 ||| DROPPING +0 leather armour.
  7284 | D:8      | 7284 ||| DROPPING scarf of invisibility.
  7285 | D:8      | 7285 ||| READING 2 scrolls labelled ITTUOSHUNKAT.
  7286 | D:8      | 7286 ||| DROPPING scroll of revelation.
  7395 | D:9      | 7395 ||| INVOKING Heroism.
  7396 | D:9      | 7396 ||| INVOKING Spit Poison.
  7414 | D:9      | Reached skill level 11 in Ranged Weapons
  7417 | D:9      | 7417 ||| INVOKING Spit Poison.
  7516 | D:9      | 7516 ||| INVOKING Spit Poison.
  7519 | D:9      | 7519 ||| INVOKING Spit Poison.
  7524 | D:9      | 7524 ||| INVOKING Spit Poison.
  7527 | D:9      | 7527 ||| INVOKING Spit Poison.
  7531 | D:9      | 7531 ||| INVOKING Spit Poison.
  7534 | D:9      | 7534 ||| INVOKING Spit Poison.
  7846 | D:9      | 7846 ||| INVOKING Heroism.
  7847 | D:9      | 7847 ||| INVOKING Spit Poison.
  7855 | D:9      | 7855 ||| INVOKING Spit Poison.
  8144 | D:9      | 8144 ||| UPGRADING to +5 ring of evasion.
  8145 | D:9      | 8145 ||| READING scroll labelled SEFOC DIWE.
  8274 | D:9      | 8274 ||| DRINKING 2 murky grey potions.
  8303 | D:10     | Entered Level 10 of the Dungeon
  8374 | D:10     | Noticed a gargoyle
  8384 | D:10     | 8384 ||| INVOKING Heroism.
  8386 | D:10     | Killed a gargoyle
  8420 | D:10     | 8420 ||| INVOKING Heroism.
  8422 | D:10     | 8422 ||| INVOKING Spit Poison.
  8428 | D:10     | 8428 ||| INVOKING Spit Poison.
  8537 | D:10     | 8537 ||| INVOKING Spit Poison.
  8541 | D:10     | 8541 ||| INVOKING Spit Poison.
  8544 | D:10     | 8544 ||| INVOKING Spit Poison.
  8547 | D:10     | 8547 ||| INVOKING Spit Poison.
  8715 | D:10     | 8715 ||| INVOKING Spit Poison.
  8717 | D:10     | Noticed a two-headed ogre
  8718 | D:10     | 8718 ||| INVOKING Heroism.
  8720 | D:10     | 8720 ||| INVOKING Spit Poison.
  8722 | D:10     | Killed a two-headed ogre
  8723 | D:10     | Noticed a gargoyle
  8725 | D:10     | Killed a gargoyle
  8726 | D:10     | Reached skill level 12 in Ranged Weapons
  8726 | D:10     | Reached XP level 11. HP: 103/103 MP: 12/14
  8726 | D:10     | 8726 ||| INVOKING Spit Poison.
  8729 | D:10     | Reached *** piety under Okawaru
  8735 | D:10     | Noticed a two-headed ogre
  8736 | D:10     | 8736 ||| INVOKING Heroism.
  8740 | D:10     | 8740 ||| INVOKING Spit Poison.
  8741 | D:10     | HP: 18/103 [two-headed ogre/+0 giant club (27)]
  8742 | D:10     | 8742 ||| READING 3 scrolls of teleportation.
  8742 | D:10     | Slain by a two-headed ogre

Levels and vault maps discovered:
D:1:      psy_arrival_fountain, layout_loops_cross
D:2:      layout_basic, serial_shops, shop, uniq_jessica
D:3:      layout_basic, mainiacjoe_overflow_concentric_impassable,
          uniq_crazy_yiuf_cottage
D:4:      layout_basic, kennysheep_okawaru_gauntlet, nemelex_dance_club_becter,
          cheibriados_altar_1, kennysheep_small_square, uniq_grinder
D:5:      layout_loops_ring, uniq_menkaure
D:6:      layout_basic, mainiacjoe_overflow_24_doors,
          minmay_temple_entry_enclosed_plants, kb_lookout_dungeons_type,
          st_stairs_12
D:7:      layout_cave_pools
D:8:      layout_rooms, mainiacjoe_overflow_paths, serial_shops,
          nicolae_shop_overgrown_old_shop
D:9:      layout_loops_ring, nicolae_sextant
D:10:     layout_loops_ring, mainiacjoe_overflow_catwalk_spiral, special_room
          [special_room_bee], minmay_alternating_orb

Skill      XL: |  1  2  3  4  5  6  7  8  9 10 |
---------------+-------------------------------+-----
Ranged Weapons | 4 5 6 7 8 9 10 12 | 12.3
Fighting       | 3 4 5 7 8 |  8.0
Dodging        | 2 4 5 |  5.0
Invocations    | 4 |  4.0
Armour         | 1 |  1.1
Stealth        | |  1.5

Action                     |  1- 3 |  4- 6 |  7- 9 | 10-12 || total
---------------------------+-------+-------+-------+-------++-------
   Fire: Shortbow          |    48 |   141 |   113 |       ||   302
         Orcbow            |       |       |   121 |       ||   121
         Longbow           |       |       |    46 |   136 ||   182
 Invoke: Heroism           |       |       |    13 |    10 ||    23
Ability: Spit Poison       |    22 |    41 |    61 |    27 ||   151
    Use: Scroll            |     5 |     5 |     6 |     3 ||    19
         Potion            |       |     2 |     2 |     1 ||     5
 Armour: Leather armour    |     1 |    12 |    29 |    36 ||    78
  Dodge: Dodged            |     4 |    29 |    87 |    93 ||   213

Table legend:
 A = Non-vault XP
 B = Vault XP
 C = Vault XP percentage of total XP
 D = Non-vault monster count
 E = Vault monster count
 F = Vault count percentage of total count
                 A         B        C        D         E       F
            +---------+---------+-------+---------+---------+-------
      Total |    7506 |    2378 |  24.1 |     193 |      17 |   8.1
            +---------+---------+-------+---------+---------+-------
        D:1 |      47 |       0 |   0.0 |      27 |       0 |   0.0
        D:2 |      37 |      37 |  50.0 |      20 |       1 |   4.8
        D:3 |      54 |       0 |   0.0 |      16 |       0 |   0.0
        D:4 |     399 |     296 |  42.6 |      31 |       6 |  16.2
        D:5 |     798 |     172 |  17.7 |      24 |       1 |   4.0
        D:6 |     764 |     133 |  14.8 |      16 |       3 |  15.8
        D:7 |     647 |       0 |   0.0 |      12 |       0 |   0.0
        D:8 |    2467 |       0 |   0.0 |      25 |       0 |   0.0
        D:9 |     935 |       0 |   0.0 |      17 |       0 |   0.0
       D:10 |    1358 |    1740 |  56.2 |       5 |       6 |  54.5
            +---------+---------+-------+---------+---------+-------
